Map: Acropolis LE

Players

Dolan - Winner!

  • Race: Terran Terran
  • Spawn Location: 11:00

BackupO

  • Race: Zerg Zerg
  • Spawn Location: 5:00

VOD

Have the link to the VOD?

Description

Time

  • Played on: Sept. 6, 2019, 3:12 p.m.
  • Length: 4:04
Show
View Real Time Build Order
Export as new Build Order

Dolan Terran - Winner!

Build Orders: Cyclone Opening 

Get SALT Encoding   

  12  0:00  SCV  
  13  0:12  SCV  
  14  0:17  Supply Depot  
  14  0:24  SCV  
  14  0:27  Refinery  
  15  0:38  SCV  
  16  0:43  Barracks  
  16  0:50  SCV  
  17  1:02  SCV  
  18  1:15  SCV  
  19  1:30  Orbital Command, Reaper  
  20  1:45  Refinery  
  20  1:48  Factory  
  20  1:50  Supply Depot  
  20  1:58  Bunker  
  20  2:00  SCV  
  21  2:11  Barracks Reactor  
  21  2:12  SCV  
  22  2:24  SCV  
  23  2:32  Factory Tech Lab  
  23  2:33  Starport, Barracks Reactor  
  23  2:35  Marine  
  23  2:36  SCV  
  25  2:39  Supply Depot  
  25  2:40  Supply Depot  
  25  2:48  SCV  
  26  2:55  Marine  
  26  2:56  Cyclone  
  30  3:00  SCV  
  30  3:09  Starport Tech Lab  
  30  3:13  Marine  
  31  3:27  SCV  
Show
View Real Time Build Order
Export as new Build Order

BackupO Zerg 

Build Orders: Pool Only, Ravager All-In 

Get SALT Encoding   

  12  0:18  Spawning Pool  
  11  0:22  Drone  
  12  0:28  Drone  
  12  0:31  Drone  
  14  0:41  Overlord  
  14  0:59  Extractor x2  
  12  1:05  Zergling x6  
  15  1:12  Roach Warren  
  14  1:25  Drone  
  15  1:53  Roach x3  
  21  2:05  Overlord  
  21  2:18  Ravager  
  22  2:25  Roach  
  24  2:34  Roach  
  27  2:37  Ravager  
  27  2:41  Ravager  
  28  2:47  Ravager  
  28  2:58  Ravager  
  28  3:07  Overlord  
  27  3:43  Roach x2  
Tags
 
Add a new tag
Caveats
  • Supply blocks, unpowered buildings, or Contaminate may cause inaccurate times.
  • Supply counts are checked every 10 seconds.